Map: Altitude LE

Players

Philldo - Winner!

  • Race: Zerg Zerg
  • Spawn Location: 1:00

Markus

  • Race: Zerg Zerg
  • League: Gold
  • Spawn Location: 7:00

VOD

Have the link to the VOD?

Description

Time

  • Played on: July 13, 2023, 7:57 a.m.
  • Length: 19:17
Show
View Real Time Build Order
Export as new Build Order

Philldo Zerg - Winner!

Build Orders: Hatch First 

Get SALT Encoding   

  12  0:04  Drone  
  13  0:12  Overlord  
  13  0:19  Drone  
  14  0:31  Drone  
  14  0:33  Drone  
  16  0:51  Hatchery  
  16  0:55  Drone  
  16  1:04  Drone  
  16  1:05  Drone  
  18  1:18  Spawning Pool  
  17  1:25  Extractor  
  16  1:26  Drone  
  16  1:27  Drone  
  18  1:39  Drone  
  19  1:43  Drone  
  20  1:55  Drone  
  21  2:05  Overlord  
  20  2:09  Queen  
  20  2:12  Queen  
  23  2:28  Zergling x8  
  13  2:55  Drone  
  14  3:09  Drone  
  15  3:25  Drone  
  15  3:27  Drone  
  15  3:36  Zergling x2  
  14  3:51  Drone x2  
  16  4:01  Zergling x2  
  17  4:04  Drone  
  17  4:09  Drone  
  19  4:22  Drone x2  
  22  4:31  Drone  
  22  4:32  Drone  
  22  4:38  Drone x2  
  25  4:54  Roach Warren  
  25  4:57  Drone x2  
  26  5:09  Drone x2  
  26  5:10  Drone  
  29  5:14  Overlord  
  29  5:22  Queen  
  31  5:43  Evolution Chamber  
  31  5:48  Evolution Chamber  
  29  5:55  Drone x8  
  29  5:56  Drone x2  
  39  6:07  Lair  
  39  6:10  Drone x2  
  41  6:32  Queen  
  41  6:36  Overlord x4  
  44  6:40  Drone  
  44  7:01  Drone x7  
  44  7:02  Drone  
  52  7:13  Roach x2, Extractor  
  55  7:17  Roach x3  
  55  7:20  Overlord  
  61  7:43  Drone x3  
  64  7:48  Glial Reconstitution  
  64  8:27  Hatchery  
  64  8:32  Hydralisk Den  
  64  8:33  Extractor  
  61  8:37  Drone x6  
  61  8:38  Drone x7  
  74  8:44  Drone  
  74  8:45  Drone x2  
  77  8:51  Overlord  
  77  9:07  Extractor  
  76  9:13  Hydralisk x7  
  90  9:42  Muscular Augments  
  90  9:47  Zerg Missile Weapons Level 1  
  90  9:50  Drone x8  
  98  9:53  Overlord x2  
  98  10:12  Overlord  
  98  10:13  Overlord x3  
  98  10:17  Hydralisk x5  
  108  10:33  Queen  
  110  10:51  Extractor  
  110  10:52  Drone x2  
  110  10:53  Grooved Spines, Drone  
  110  10:55  Drone  
  110  10:56  Drone x2, Extractor  
  114  10:59  Hydralisk  
  114  11:00  Hydralisk x8  
  132  11:04  Overlord x3  
  132  11:05  Overlord  
  132  11:10  Zerg Ground Armor Level 1  
  132  11:16  Drone x3  
  133  12:00  Drone x13  
  146  12:03  Hatchery  
  146  12:04  Overlord  
  146  12:05  Overlord x3  
  128  12:15  Hydralisk  
  128  12:16  Hydralisk  
  119  12:35  Overlord  
  119  12:36  Overlord x3  
  116  13:05  Hatchery  
  116  13:12  Spore Crawler  
  114  13:14  Spore Crawler x2  
  114  13:15  Spore Crawler  
  114  13:17  Spore Crawler, Drone x9  
  119  13:28  Hydralisk x3  
  125  13:34  Queen  
  127  13:42  Hydralisk x7  
  137  14:06  Overlord x4  
  137  14:07  Overlord x4  
  132  14:56  Extractor  
  132  14:58  Overlord x13  
  131  15:14  Spawning Pool  
  98  16:29  Hydralisk x7  
  98  16:30  Hydralisk x10  
  132  16:48  Drone x6  
  138  17:04  Hydralisk x6  
  150  17:12  Drone  
  145  17:32  Hydralisk x7  
  132  18:20  Spore Crawler  
  132  18:21  Spore Crawler  
  132  18:22  Spore Crawler  
  132  18:26  Spore Crawler  
  121  18:28  Spore Crawler  
  121  18:29  Spore Crawler  
  121  18:30  Spore Crawler  
  118  18:35  Hatchery  
Show
View Real Time Build Order
Export as new Build Order

Markus Zerg 

Build Orders: Pool First 

Get SALT Encoding   

  12  0:19  Spawning Pool  
  11  0:25  Drone  
  12  0:28  Drone  
  13  0:36  Overlord  
  13  1:06  Zergling x6  
  13  1:07  Queen  
  18  1:17  Spine Crawler  
  17  1:21  Zergling x2  
  18  1:29  Zergling x2  
  19  1:38  Extractor  
  18  1:42  Overlord  
  18  1:50  Zergling x2  
  18  2:31  Zergling x10  
  19  3:00  Drone  
  19  3:01  Drone x2  
  21  3:16  Zergling x2  
  22  3:31  Hatchery  
  19  3:38  Spine Crawler  
  15  3:45  Spine Crawler  
  14  3:59  Zergling x8  
  18  4:23  Overlord  
  18  4:33  Drone x2  
  20  4:47  Drone  
  21  4:53  Queen  
  23  5:11  Drone x2  
  23  5:13  Hatchery  
  24  5:14  Lair  
  24  5:16  Drone x3  
  27  5:29  Drone x3  
  27  5:30  Extractor  
  29  5:59  Drone x2  
  29  6:00  Drone  
  32  6:08  Drone x3  
  35  6:26  Queen  
  35  6:27  Drone  
  35  6:31  Overlord x2  
  38  6:36  Hatchery  
  37  6:45  Drone x3  
  40  6:53  Extractor  
  39  6:56  Drone x4, Extractor  
  39  7:01  Overlord  
  42  7:22  Spire  
  41  7:24  Drone x3  
  44  7:38  Spine Crawler  
  43  7:47  Drone x2  
  43  7:48  Drone x2  
  47  7:54  Drone x5  
  47  7:55  Drone  
  53  8:00  Overlord x2  
  53  8:06  Extractor  
  53  8:09  Drone x3  
  55  8:52  Drone x2  
  55  8:53  Drone  
  58  8:57  Extractor  
  58  8:59  Extractor  
  56  9:10  Infestation Pit  
  56  9:11  Hatchery, Zerg Flyer Weapons Level 1  
  56  9:14  Drone x3  
  56  9:15  Drone x2  
  59  9:19  Overlord x2  
  59  9:25  Queen  
  61  9:34  Overseer  
  61  9:37  Drone x2  
  63  9:42  Mutalisk x2  
  63  9:43  Mutalisk x4  
  75  9:50  Drone  
  75  9:51  Drone x2  
  78  9:55  Drone x3  
  81  10:01  Pneumatized Carapace  
  81  10:18  Hive, Extractor  
  81  10:20  Mutalisk x3  
  81  10:21  Mutalisk x3  
  92  10:29  Mutalisk x4  
  92  10:30  Mutalisk  
  102  10:52  Mutalisk x2  
  102  10:53  Mutalisk x2  
  110  11:01  Overlord  
  110  11:02  Overlord x2  
  110  11:05  Zerg Flyer Armor Level 1  
  110  11:19  Queen  
  110  11:24  Overlord x5  
  112  11:31  Overseer  
  112  11:32  Overseer  
  112  11:35  Overseer  
  112  11:38  Overlord x3  
  112  11:39  Overlord  
  107  11:51  Mutalisk  
  107  11:52  Mutalisk x2  
  113  11:54  Mutalisk  
  113  11:55  Mutalisk x4  
  123  12:03  Drone x3  
  126  12:38  Mutalisk x3  
  126  12:42  Mutalisk x3  
  136  13:00  Mutalisk x3  
  142  13:16  Drone x3  
  137  14:32  Mutalisk x2  
  137  14:33  Mutalisk x4  
  149  14:41  Mutalisk  
  149  14:42  Mutalisk x5  
  153  14:48  Mutalisk x3  
  153  14:49  Mutalisk x3  
  135  16:29  Mutalisk x3  
  135  16:30  Mutalisk x3  
  147  16:33  Mutalisk x3  
  147  16:34  Mutalisk x6  
  147  16:37  Mutalisk  
  147  16:38  Mutalisk x7  
  147  17:18  Mutalisk x3  
  99  17:44  Spawning Pool  
  96  17:53  Hatchery  
Tags
 
League
Gold
Matchup
ZvZ
Race
Zerg
Spawn Locations
Cross Positions
Add a new tag
Caveats
  • Supply blocks, unpowered buildings, or Contaminate may cause inaccurate times.
  • Supply counts are checked every 10 seconds.